 Dungeon Crawl Stone Soup version 0.20-a0-869-gcf33cab (webtiles) character file.

341 BrendanD the Slasher (level 6, -2/57 HPs)
             Began as a Deep Dwarf Berserker on Mar 13, 2017.
             Was a Priest of Trog.
             Slain by a hound (3 damage)
             ... on level 6 of the Dungeon.
             The game lasted 00:16:41 (3187 turns).

BrendanD the Slasher (Deep Dwarf Berserker)         Turns: 3187, Time: 00:16:41

Health: -2/57      AC:  5    Str: 21      XL:     6   Next: 30%
Magic:  5/5        EV: 13    Int:  7      God:    Trog [***...]
Gold:   116        SH:  0    Dex: 13 (14) Spells: 5/5 levels left

rFire    . . .     SeeInvis .   n - -1 dagger (curse)
rCold    . . .     Gourm    .   f - +0 ring mail
rNeg     . . .     Faith    .   (no shield)
rPois    .         Spirit   .   (no helmet)
rElec    .         Reflect  .   (no cloak)
rCorr    .         Harm     .   (no gloves)
MR       .....                  (no boots)
Stlth    +.........             (no amulet)
Regen    0.0/turn               (no ring)
MPRegen  0.1/turn               (no ring)

@: starving, non-regenerating
A: damage resistance, heal wounds, sense surroundings 1, no regeneration
a: Heal Wounds, Berserk, Trog's Hand, Burn Spellbooks, Renounce Religion


You were on level 6 of the Dungeon.
You worshipped Trog.
Trog was most pleased with you.
You were starving.

You visited 1 branch of the dungeon, and saw 4 of its levels.

You collected 116 gold pieces.

Inventory:

Hand Weapons
 a - a +0 falchion
 g - a +2 whip of draining
 h - a cursed -2 war axe
 n - a cursed -1 dagger (weapon)
Armour
 f - a +0 ring mail (worn)
 m - a +0 ring mail
Scrolls
 b - a scroll of fear
 e - 2 scrolls of fog
Potions
 d - a potion of haste
Comestibles
 c - a bread ration
 i - a meat ration
 l - 3 royal jellies


   Skills:
 + Level 3.9 Fighting
 + Level 4.4 Long Blades
 + Level 4.1 Armour
 + Level 4.1 Dodging


You had 5 spell levels left.
You didn't know any spells.

Dungeon Overview and Level Annotations

Branches:
Dungeon (3/15)

Altars:
Cheibriados
Fedhas
Trog
Vehumet

Annotations:
D:6 Prince Ribbit


Innate Abilities, Weirdness & Mutations

You are resistant to damage.
You can heal yourself by infusing magical energy.
You passively map a small area around you.
You do not regenerate.


Message History

The hound bites you. The orc wizard casts a spell at you.
The puff of flame misses you.
The puff of flame hits the hound zombie.
You hit the orc wizard.
The orc wizard is severely wounded.
The shadow imp misses you. The hound bites you.
The hound zombie closely misses you.
The orc wizard hits you but does no damage.
The orc priest calls upon Beogh to heal the orc wizard.
The orc wizard is healed somewhat.
The orc warrior barely misses you.
Prince Ribbit comes into view.
Prince Ribbit croaks.
You hit the orc wizard but do no damage.
The orc wizard is heavily wounded.
The hound barely misses you.
The orc wizard hits you but does no damage.
The hound zombie misses you. The shadow imp hits you.
Prince Ribbit blinks!
The hound bites you.
You die...

, * , * , , * , , . , , , ,
,.. * , .., * * , ,* ...
..** ... #### .#.## , ....
##.5##o.....
.....*#.hZ@ooo.#,...... ,
,.....##..h###.###.........,
.........{....###..........
......§.#####..............
, .........####
*#.........$.
........§...####...........
..............##.#........
..........................
............#........###*


You could see an orc warrior, a howler monkey, a hound, 2 orc priests, an orc
wizard, a shadow imp and a hound zombie.

Vanquished Creatures
  2 bullfrogs (D:6)
  A hound (D:6)
  Terence (D:3)
  7 adders
  2 dart slugs
  2 leopard geckos (D:1)
  3 orcs
  3 giant cockroaches
  6 hobgoblins
  11 jackals
  9 bats
  11 frilled lizards
  13 goblins
  10 kobolds
  10 rats
  A plant (D:1)
92 creatures vanquished.

Notes
Turn   | Place    | Note
-------+----------+-------------------------------------------
     0 | D:1      | BrendanD the Deep Dwarf Berserker began the quest for the Orb.
     0 | D:1      | Reached XP level 1. HP: 20/20 MP: 1/1
   300 | D:1      | Reached XP level 2. HP: 10/27 MP: 2/2
   661 | D:1      | Reached ** piety under Trog
   687 | D:1      | Reached XP level 3. HP: 23/34 MP: 3/3
  1386 | D:2      | Found a blossoming altar of Fedhas.
  1392 | D:2      | Reached XP level 4. HP: 29/42 MP: 4/4
  1539 | D:2      | Found a bloodstained altar of Trog.
  2066 | D:2      | Found a snail-covered altar of Cheibriados.
  2066 | D:2      | Found a radiant altar of Vehumet.
  2530 | D:3      | Reached *** piety under Trog
  2760 | D:3      | Reached XP level 5. HP: 40/49 MP: 5/5
  2878 | D:3      | Noticed Terence
  2944 | D:3      | Killed Terence
  3082 | D:3      | You fall through a shaft for 3 floors!
  3087 | D:6      | Noticed a sky beast
  3105 | D:6      | Reached XP level 6. HP: 34/57 MP: 5/5
  3179 | D:6      | Noticed an orc warrior
  3185 | D:6      | HP: 1/57 [orc warrior/trident (14)]
  3187 | D:6      | Noticed Prince Ribbit
  3187 | D:6      | Slain by a hound

Vault maps used:
D:1:      shiori_shiawase, minmay_lizard_king
D:2:      bloody_trog, gammafunk_temple_overflow_elements, fedhas_altar_2
D:3:      grunt_temple_overflow_forces_of_nature, uniq_terence
D:6:      minmay_temple_entry_glass, uniq_prince_ribbit1

Skill      XL: |  1  2  3  4  5  6 |
---------------+-------------------+-----
Fighting       | 3 |  3.9
Armour         | 3 4 |  4.1
Dodging        | 3 4 |  4.1
Long Blades    | 4 |  4.4

Action                   |  1- 3 |  4- 6 || total
-------------------------+-------+-------++-------
Melee: Falchion          |   156 |    30 ||   186
       Dagger            |       |   441 ||   441
Invok: Berserk           |     1 |     1 ||     2
 Abil: Heal Wounds       |     2 |     5 ||     7
  Use: Potion            |       |     6 ||     6
       Scroll            |       |     4 ||     4
 Stab: Sleeping          |     1 |       ||     1
  Eat: Chunk             |     3 |     5 ||     8
Armor: Animal skin       |     8 |       ||     8
       Ring mail         |     5 |   163 ||   168
Dodge: Dodged            |    63 |   380 ||   443
       Rpst.: Falchion   |    27 |     7 ||    34
